 Dungeon Crawl Stone Soup version 0.30-a0-166-g5d06c95188 (webtiles) character file.

Game seed: 6082947317574363031

1586 qw the Cleaver (level 8, -3/51 HPs)
             Began as a Gargoyle Fighter on Sept 28, 2022.
             Killed from afar by a steam dragon (15 damage)
             ... with a ball of steam
             ... on level 6 of the Dungeon.
             The game lasted 00:02:08 (6421 turns).

qw the Cleaver (Gargoyle Fighter)                   Turns: 6421, Time: 00:02:09

Health: -3/51      AC: 23    Str: 23      XL:     8   Next: 92%
Magic:  8/8        EV:  6    Int:  8      God:
Gold:   335        SH:  4    Dex:  8 (9)  Spells: 7/7 levels left

rFire   . . .      SeeInvis .    Y - +1 war axe
rCold   . . .      Faith    .    c - +0 buckler
rNeg    + . .      Spirit   .    n - +1 plate armour {Will+}
rPois   inf        Reflect  .    g - +0 helmet
rElec   +          Harm     .    (no cloak)
rCorr   .          Rampage  .    k - +1 pair of gloves
Will    +....                    f - +0 pair of boots
Stlth   ..........               (no amulet)
HPRegen 0.17/turn                p - +4 ring of slaying {mikee}
MPRegen 0.11/turn                (no ring)

@: about to teleport
A: sickness immunity, AC +5, negative energy resistance 1, electricity
resistance, torment resistance 1, petrification resistance
a: no special abilities


You were on level 6 of the Dungeon.
You visited 1 branch of the dungeon, and saw 6 of its levels.

You collected 335 gold pieces.


Innate Abilities, Weirdness & Mutations

You are immune to sickness and miasma.
Your stone body is resilient. (AC +5)
You are immune to poison.
You resist negative energy. (rN+)
You are resistant to electric shocks. (rElec)
You are resistant to unholy torment.
You are immune to petrification.


   Skills:
 - Level 6.2 Fighting
 - Level 8.0 Axes
 - Level 1.1 Throwing
 + Level 5.3 Armour
 - Level 1.4 Dodging
 - Level 3.2 Shields


You had 7 spell levels left.
You didn't know any spells.
Your spell library was empty.

Inventory:

Hand Weapons
 o - a +0 flail
 Y - a +1 war axe (weapon)
Missiles
 r - 3 boomerangs (quivered)
Armour
 c - a +0 buckler (worn)
 f - a +0 pair of boots (worn)
 g - a +0 helmet (worn)
 k - a +1 pair of gloves (worn)
 n - a +1 plate armour of willpower (worn)
Jewellery
 h - a ring of ice
 p - a +4 ring of slaying (left hand) {mikee}
Wands
 b - a wand of digging (8)
Scrolls
 i - a scroll of identify
Potions
 d - 2 potions of might
 j - a potion of mutation
 l - 3 potions of curing
 m - 2 potions of lignification
 q - a potion of cancellation {unknown}

Dungeon Overview and Level Annotations

Branches:
Dungeon (6/15)
 Temple: D:4-7

Altars:
Ashenzari
Makhleb
Wu Jian


Message History

The ball of steam hits you!!
You hit the steam dragon.
The steam dragon is severely wounded.
You are engulfed in a cloud of scalding steam.
The steam dragon bites you but does no damage.
The steam dragon claws you but does no damage.
You closely miss the steam dragon.
The steam dragon is severely wounded.
You are engulfed in a cloud of scalding steam.
The steam dragon bites you but does no damage.
The steam dragon claws you but does no damage.
You hit the steam dragon.
The steam dragon is severely wounded.
You are engulfed in a cloud of scalding steam.
The steam dragon bites you but does no damage.
The steam dragon claws you but does no damage.
You hit the steam dragon but do no damage.
The steam dragon is severely wounded.
The steam dragon bites you but does no damage.
The steam dragon barely misses you.
You hit the steam dragon but do no damage.
The steam dragon is severely wounded.
You block the steam dragon's attack. The steam dragon closely misses you.
The steam dragon bites you. The steam dragon barely misses you.
You hit the steam dragon.
The steam dragon is almost dead.
The steam dragon breathes steam at you. The ball of steam hits you!
6420 ||| READING scroll of teleportation.
As you read the scroll of teleportation, it crumbles to dust.
You feel strangely unstable.
You are engulfed in a cloud of scalding steam.
The steam dragon bites you but does no damage.
The steam dragon claws you but does no damage.
You completely miss the steam dragon.
The steam dragon is almost dead.
You are engulfed in a cloud of scalding steam.
The steam dragon breathes steam at you. The ball of steam hits you!
You die...

###..###.........#
#........#####...# #.###...##
##.## #.#...#.# #.# #....#####
#.# ##...##.<# #.# #.¤.#...#
#.# +#¤¤¤#).#######.#
#..@¤¤###.....#.###
......D¤......###.....#
.......7.......####.#.##
..........[.....# #......
........###.....####.###......
..........# +#...#.
#..##...... ..........#
#...#.. ##.###.#.##
..........# ##...##.>
#..##.#.# ..........####....#
##.##.#.#


You could see a steam dragon (catching breath).

Vanquished Creatures
  2 ice beasts (D:6)
  2 black bears (D:5)
  An ogre (D:5)
  A phantom (D:5)
  A bullfrog (D:6)
  A necrophage (D:5)
  2 scorpions (D:4)
  4 wights (D:6)
  A jelly (D:6)
  2 hounds
  An orc priest (D:5)
  Terence (D:2)
  2 iguanas
  Ijyb (D:3)
  An orc wizard (D:6)
  Robin (D:3)
  9 adders
  5 gnolls
  2 shadow imps
  2 white imps (D:5)
  An ufetubus (D:4)
  A worm (D:2)
  3 dart slugs
  5 orcs
  10 bats
  6 endoplasms
  4 giant cockroaches
  14 goblins
  11 hobgoblins
  4 jackals (D:2)
  10 quokkas
  7 ball pythons
  3 frilled lizards
  7 kobolds
  4 rats
132 creatures vanquished.

Vanquished Creatures (others)
  A water moccasin (D:6)
1 creature vanquished.

Grand Total: 133 creatures vanquished

Notes
Turn   | Place    | Note
-------+----------+-------------------------------------------
     0 | D:1      | qw the Gargoyle Fighter began the quest for the Orb.
     0 | D:1      | Reached XP level 1. HP: 14/14 MP: 1/1
     0 | D:1      | 0 ||| qw: Version: 0.2-a-12-gaebbb33
     0 | D:1      | 0 ||| qw: Game counter: 958
     0 | D:1      | 0 ||| qw: Always use a shield: true
     0 | D:1      | 0 ||| qw: God list: Okawaru
     0 | D:1      | 0 ||| qw: Allow faded altars: false
     0 | D:1      | 0 ||| qw: Do Orc after D:15 true
     0 | D:1      | 0 ||| qw: Do second Lair branch before Depths: true
     0 | D:1      | 0 ||| qw: Lair rune preference: random
     0 | D:1      | 0 ||| qw: Plans: Normal, Zot:1-4, God:TSO, Crypt, Tomb,
                  | Pan, Slime:5, Hells, Abyss, Orb
     0 | D:1      | 0 ||| PLANNING D:1-11
    17 | D:1      | 17 ||| Stepping ~*~*~tactically~*~*~ (stealth).
    27 | D:1      | Reached skill level 2 in Axes
    84 | D:1      | 84 ||| Stepping ~*~*~tactically~*~*~ (stealth).
    98 | D:1      | Reached XP level 2. HP: 19/19 MP: 2/2
   133 | D:1      | 133 ||| Stepping ~*~*~tactically~*~*~ (stealth).
   134 | D:1      | 134 ||| Stepping ~*~*~tactically~*~*~ (stealth).
   135 | D:1      | 135 ||| Stepping ~*~*~tactically~*~*~ (stealth).
   136 | D:1      | 136 ||| Stepping ~*~*~tactically~*~*~ (stealth).
   143 | D:1      | 143 ||| Stepping ~*~*~tactically~*~*~ (hiding).
   255 | D:1      | Found a faded altar of an unknown god.
   401 | D:1      | Reached skill level 3 in Axes
   401 | D:1      | Reached XP level 3. HP: 10/23 MP: 3/3
  1360 | D:1      | 1360 ||| UPGRADING to +0 pair of boots.
  1365 | D:1      | 1365 ||| UPGRADING to +0 pair of gloves.
  1370 | D:1      | 1370 ||| UPGRADING to +1 plate armour of willpower.
  1380 | D:1      | 1380 ||| DROPPING +0 scale mail.
  1381 | D:1      | 1381 ||| READING scroll labelled QECONI QEARR.
  1382 | D:1      | 1382 ||| READING scroll labelled XIHUHU LULO.
  1383 | D:1      | 1383 ||| READING 2 scrolls labelled VUCEJA POKKYDA.
  1384 | D:1      | 1384 ||| READING scroll labelled OPPOUGH GUEMP.
  1385 | D:1      | 1385 ||| DRINKING 2 coppery potions.
  1605 | D:2      | Reached XP level 4. HP: 28/28 MP: 4/4
  1831 | D:2      | 1831 ||| Stepping ~*~*~tactically~*~*~ (stealth).
  1831 | D:2      | Noticed Terence
  1835 | D:2      | 1835 ||| Stepping ~*~*~tactically~*~*~ (stealth).
  1851 | D:2      | Killed Terence
  1852 | D:2      | Reached skill level 4 in Axes
  1861 | D:2      | 1861 ||| Stepping ~*~*~tactically~*~*~ (stealth).
  1862 | D:2      | 1862 ||| Stepping ~*~*~tactically~*~*~ (stealth).
  1980 | D:2      | 1980 ||| Stepping ~*~*~tactically~*~*~ (stealth).
  1981 | D:2      | 1981 ||| Stepping ~*~*~tactically~*~*~ (stealth).
  2023 | D:2      | 2023 ||| Stepping ~*~*~tactically~*~*~ (stealth).
  2024 | D:2      | 2024 ||| Stepping ~*~*~tactically~*~*~ (stealth).
  2030 | D:2      | 2030 ||| Stepping ~*~*~tactically~*~*~ (stealth).
  2123 | D:2      | Reached XP level 5. HP: 32/32 MP: 5/5
  2326 | D:2      | 2326 ||| DROPPING ring of wizardry.
  2327 | D:2      | 2327 ||| READING 2 scrolls labelled YSUALUATZO.
  2331 | D:2      | 2331 ||| READING 2 scrolls labelled YCIXZE OFOTH.
  2332 | D:2      | 2332 ||| READING scroll labelled YMIFEYX SEUMY.
  2433 | D:2      | 2433 ||| DROPPING scroll of poison.
  2470 | D:3      | Noticed Ijyb
  2477 | D:3      | Killed Ijyb
  2626 | D:3      | 2626 ||| Stepping ~*~*~tactically~*~*~ (stealth).
  2632 | D:3      | 2632 ||| Stepping ~*~*~tactically~*~*~ (stealth).
  2635 | D:3      | Reached skill level 5 in Axes
  2647 | D:3      | 2647 ||| FLEEEEING.
  2648 | D:3      | 2648 ||| FLEEEEING.
  2652 | D:3      | 2652 ||| FLEEEEING.
  2653 | D:3      | 2653 ||| FLEEEEING.
  2654 | D:3      | 2654 ||| FLEEEEING.
  2661 | D:3      | 2661 ||| FLEEEEING.
  2662 | D:3      | 2662 ||| FLEEEEING.
  2768 | D:3      | Noticed Robin
  2769 | D:3      | 2769 ||| Stepping ~*~*~tactically~*~*~ (hiding).
  2777 | D:3      | Killed Robin
  2778 | D:3      | 2778 ||| Stepping ~*~*~tactically~*~*~ (hiding).
  3099 | D:3      | Found an ornate altar of the Wu Jian Council.
  3197 | D:3      | Found a broken altar of Ashenzari.
  3317 | D:3      | 3317 ||| UPGRADING to +0 helmet.
  3322 | D:3      | 3322 ||| READING 2 scrolls of identify.
  3322 | D:3      | 3322 ||| IDENTIFYING emerald potion
  3323 | D:3      | 3323 ||| DROPPING potion of brilliance.
  3371 | D:4      | Found a burning altar of Makhleb.
  3466 | D:4      | Reached XP level 6. HP: 27/38 MP: 6/6
  3935 | D:4      | Reached skill level 6 in Axes
  4426 | D:4      | 4426 ||| READING scroll labelled ENAJITAELE.
  4427 | D:4      | 4427 ||| READING 2 scrolls labelled ZUPSUNACOR.
  4428 | D:4      | 4428 ||| READING scroll of enchant armour.
  4428 | D:4      | 4428 ||| ENCHANTING +0 pair of gloves.
  4429 | D:4      | 4429 ||| READING 2 scrolls labelled JOECOO HANKIAM.
  4430 | D:4      | 4430 ||| DRINKING 2 viscous ruby potions.
  4431 | D:4      | 4431 ||| READING 2 scrolls of identify.
  4431 | D:4      | 4431 ||| IDENTIFYING fizzy grey potion
  4432 | D:4      | 4432 ||| DROPPING potion of ambrosia.
  4433 | D:4      | 4433 ||| DROPPING scroll of amnesia.
  4447 | D:5      | Entered Level 5 of the Dungeon
  4477 | D:5      | Reached XP level 7. HP: 12/43 MP: 7/7
  4896 | D:5      | 4896 ||| Stepping ~*~*~tactically~*~*~ (hiding).
  5039 | D:5      | 5039 ||| Stepping ~*~*~tactically~*~*~ (hiding).
  5218 | D:5      | Reached skill level 7 in Axes
  5399 | D:5      | Reached XP level 8. HP: 41/49 MP: 8/8
  5544 | D:5      | Reached skill level 1 in Dodging
  5734 | D:5      | 5734 ||| UPGRADING to +4 ring of slaying {mikee}.
  5735 | D:5      | 5735 ||| DRINKING 2 grey potions.
  5736 | D:5      | 5736 ||| READING 2 scrolls of identify.
  5736 | D:5      | 5736 ||| IDENTIFYING brown potion
  5737 | D:5      | 5737 ||| DROPPING potion of degeneration.
  5778 | D:6      | Reached skill level 1 in Throwing
  5807 | D:6      | 5807 ||| FLEEEEING.
  5808 | D:6      | 5808 ||| STAIRDANCE
  5856 | D:6      | 5856 ||| STAIRDANCE
  5891 | D:6      | 5891 ||| DROPPING +0 whip.
  5967 | D:6      | 5967 ||| Stepping ~*~*~tactically~*~*~ (hiding).
  5968 | D:6      | 5968 ||| Stepping ~*~*~tactically~*~*~ (hiding).
  6040 | D:6      | Reached skill level 8 in Axes
  6107 | D:6      | HP: 11/51 [steam dragon/ball of steam (13)]
  6108 | D:6      | Reached skill level 6 in Fighting
  6108 | D:6      | 6108 ||| READING 2 scrolls of teleportation.
  6108 | D:6      | HP: 2/51 [steam dragon] (9)]
  6419 | D:6      | HP: 12/51 [steam dragon/ball of steam (10)]
  6420 | D:6      | 6420 ||| READING scroll of teleportation.
  6421 | D:6      | Killed from afar by a steam dragon

Levels and vault maps discovered:
D:1:      saegor_arrival_simple_d, layout_basic,
          ebering_ecumenical_altar_sacrificial, moated_statue,
          nicolae_hexahallways, minmay_ruptured
D:2:      layout_loops_ring, kennysheep_generic_room_6, uniq_terence
D:3:      layout_loops_ring, marbit_many_paths,
          nicolae_wu_jian_immortal_techniques, uniq_ijyb, uniq_robin
D:4:      layout_loops_corners, mainiacjoe_overflow_six_doors_small,
          serial_glass, glass_columns_a, glass_columns_a,
          nicolae_concentric_dashed_squares_mild
D:5:      layout_loops_ring, chequers_serial_rivers_large_b
D:6:      layout_rooms, st_stairs_3, grunt_ministairs_6

Skill      XL: |  1  2  3  4  5  6  7  8 |
---------------+-------------------------+-----
Axes           | 2 3 4 5 6 7 8 |  8.0
Fighting       | 4 5 6 |  6.2
Armour         | 4 5 |  5.3
Dodging        | 1 |  1.4
Throwing       | 1 |  1.1
Shields        | |  3.2

Action                   |  1- 3 |  4- 6 |  7- 9 || total
-------------------------+-------+-------+-------++-------
Melee: War axe           |    94 |   210 |   132 ||   436
Throw: Boomerang         |       |       |    13 ||    13
  Use: Scroll            |     4 |     9 |     3 ||    16
       Potion            |     1 |     1 |     1 ||     3
Armor: Scale mail        |    33 |       |       ||    33
       Plate armour      |    16 |   153 |   107 ||   276
Dodge: Dodged            |    40 |    51 |    48 ||   139
Block: Buckler           |    14 |    34 |    25 ||    73

Table legend:
 A = Non-vault XP
 B = Vault XP
 C = Vault XP percentage of total XP
 D = Non-vault monster count
 E = Vault monster count
 F = Vault count percentage of total count
                 A         B        C        D         E       F
            +---------+---------+-------+---------+---------+-------
      Total |    1768 |     499 |  22.0 |     104 |      29 |  21.8
            +---------+---------+-------+---------+---------+-------
        D:1 |      44 |       8 |  15.4 |      18 |       5 |  21.7
        D:2 |      80 |      42 |  34.4 |      25 |       3 |  10.7
        D:3 |      45 |      75 |  62.5 |      12 |      15 |  55.6
        D:4 |     316 |       0 |   0.0 |      23 |       0 |   0.0
        D:5 |     721 |       0 |   0.0 |      16 |       0 |   0.0
        D:6 |     562 |     374 |  40.0 |      10 |       6 |  37.5
            +---------+---------+-------+---------+---------+-------
